 Bloatcrawl 2 version 0.50.1-497-g763ebf1 (webtiles) character file.

Game seed: 10601267625215013680, levelgen mode: deterministic

170 Dorkslayer the Skirmisher (level 5, 0/42 HPs)
             Began as a Protean Fighter on Nov 30, 2020.
             Killed by nerve-wracking pain
             ... invoked by Grinder
              (14 damage)
             ... on level 3 of the Dungeon.
             The game lasted 00:06:15 (1338 turns).

Dorkslayer the Skirmisher (Protean Fighter)         Turns: 1338, Time: 00:06:16

Health: 0/42       AC:  2    Str: 18    XL:     5   Next: 50%
Magic:  5/5        EV: 20    Int:  8    God:
Gold:   91         SH:  0    Dex:  9    Spells: 4/4 levels left Game modifiers: x1.5 XP

rFire   . . .      SeeInvis .    a - +0 hand axe
rCold   . . .      Gourm    .    (shield unavailable)
rNeg    . . .      Faith    .    b - +0 robe
rPois   .          Spirit   .    (helmet restricted)
rElec   .          Reflect  .    (cloak restricted)
rCorr   .          Harm     .    (gloves unavailable)
MR      .....                    (boots unavailable)
Stlth   +.........               (no amulet)
HPRegen 0.14/turn                (no ring)
MPRegen 0.09/turn                (no ring)

@: no status effects
A: tiny, evolution 2, protean body
a: no special abilities


You were on level 3 of the Dungeon.
You were not hungry.

You visited 1 branch of the dungeon, and saw 3 of its levels.

You collected 91 gold pieces.

Inventory:

Hand Weapons
 a - a +0 hand axe (weapon)
Missiles
 j - 7 boomerangs (quivered)
Armour
 b - a +0 robe (worn)
Scrolls
 g - a scroll of immolation
 i - 3 scrolls of teleportation {unknown}
 k - a scroll of enchant weapon
 l - a scroll of enchant armour
 m - a scroll of amnesia
Potions
 c - a potion of might
 e - a potion of heal wounds
Comestibles
 d - 6 rations
 f - 3 chunks of flesh


   Skills:
 * Level 4.2 Fighting
 * Level 3.6 Axes
 + Level 0.1 Throwing
 + Level 3.4 Dodging
 * Level 1.1 Stealth
   Level 3.0 Shields


You had 4 spell levels left.
You didn't know any spells.
Your spell library was empty.

Dungeon Overview and Level Annotations

Branches:
Dungeon (3/15)

Altars:
Sif Muna

Annotations:
D:3 Grinder


Innate Abilities, Weirdness & Mutations

You are tiny.
You have problems with many larger weapons.
You are too small for most types of armour.
You rapidly evolve.
Your protean body gains health from mutations (+0% HP).
Your health pool defines your size (currently tiny).
Your protean flesh cannot be transmuted.
Your protean flesh is especially vulnerable to rot.


Message History

Pain shoots through your body!
You hit Grinder but do no damage.
Grinder is moderately wounded.
Grinder blinks!
Grinder gestures at you. Pain shoots through your body!
Throwing (i - inventory)
j - 7 boomerangs (quivered)
Press: ? - help, Shift-Dir - straight line, f/p - Grinder
Aim: Grinder (moderately wounded)
You throw a boomerang. The boomerang hits Grinder.
Grinder is heavily wounded.
You closely miss Grinder.
Grinder is heavily wounded.
Grinder barely misses you.
Some of the chunks of flesh in your inventory have rotted away.
You hit Grinder.
Grinder is heavily wounded.
Grinder gestures at you. Pain shoots through your body!
You die...

##########
#........#####
###########.............
......................>#
.####...........@5.##..
.####.................#.
...##.......###.####....
.#.##.......# #... .#.
......####'## ###.# .
......# #.# ... ......#
#.# .<. ......# #.. ....
+#.#### #.. ..#


You could see Grinder.

Vanquished Creatures
  Jessica (D:2)
  2 adders
  3 worms (D:2)
  6 dart slugs
  2 leopard geckos
  4 giant cockroaches
  3 goblins
  8 hobgoblins
  2 jackals (D:2)
  A quokka (D:3)
  A ball python (D:3)
  3 bats
  A frilled lizard (D:1)
  5 kobolds
  A quokka skeleton (D:2)
  6 rats
49 creatures vanquished.

Notes
Turn   | Place    | Note
-------+----------+-------------------------------------------
     0 | D:1      | Dorkslayer the Protean Fighter began the quest for the Orb.
     0 | D:1      | Reached XP level 1. HP: 18/18 MP: 1/1
     2 | D:1      | Noticed a halfling
     2 | D:1      | Noticed a demigod
     4 | D:1      | Noticed a minotaur
     4 | D:1      | Noticed an octopode
     6 | D:1      | Noticed a spriggan
     6 | D:1      | Noticed a vampire
     8 | D:1      | Noticed a draconian
     8 | D:1      | Noticed a human
    10 | D:1      | Noticed a formicid
    12 | D:1      | Noticed a naga
    14 | D:1      | Noticed an ogre
    14 | D:1      | Noticed a gargoyle
    16 | D:1      | Noticed an elf
    18 | D:1      | Noticed a dwarf
    18 | D:1      | Noticed a troll
    20 | D:1      | Noticed a demonspawn
    20 | D:1      | Noticed a merfolk
    22 | D:1      | Noticed a vine stalker
    24 | D:1      | Noticed a ghoul
    24 | D:1      | Noticed a tengu
    26 | D:1      | Noticed a centaur
    26 | D:1      | Noticed a felid
    98 | D:1      | Reached XP level 2. HP: 20/24 MP: 2/2
   297 | D:1      | Reached XP level 3. HP: 29/30 MP: 3/3
   588 | D:2      | Reached XP level 4. HP: 29/37 MP: 4/4
   665 | D:2      | Found a shimmering blue altar of Sif Muna.
   691 | D:2      | Reached skill level 4 in Fighting
   780 | D:2      | Noticed Jessica
   789 | D:2      | Killed Jessica
   789 | D:2      | Reached skill level 1 in Stealth
   827 | D:2      | Reached XP level 5. HP: 42/42 MP: 5/5
  1315 | D:3      | Noticed Grinder
  1338 | D:3      | Killed from afar by Grinder

Levels and vault maps discovered:
D:1:      kb_arrival_jail, layout_rooms, hangedman_decor_lopped
D:2:      wander_river, layout_rooms, lemuel_blue_sif_altar, uniq_jessica
D:3:      layout_basic, serial_glass, glass_columns_a, glass_columns_a,
          minmay_strange_pillars, first_ration, uniq_grinder

Skill      XL: |  1  2  3  4 |
---------------+-------------+-----
Fighting       | 4 |  4.2
Axes           | 3 |  3.6
Stealth        | 1 |  1.1
Throwing       | |  0.1
Dodging        | |  3.4
Shields        | |  3.0

Action                   |  1- 3 |  4- 6 || total
-------------------------+-------+-------++-------
Melee: Hand axe          |   112 |    94 ||   206
Throw: Boomerang         |       |    13 ||    13
  Use: Scroll            |       |     5 ||     5
 Stab: Sleeping          |     1 |       ||     1
  Eat: Chunk             |       |     2 ||     2
Armor: Robe              |    11 |     6 ||    17
Dodge: Dodged            |   100 |    65 ||   165
